 Dungeon Crawl Stone Soup version 0.24-a0-451-g263dff2034 (webtiles) character file.

Game seed: 7054825372655726883

392 Nvm9 the Covered (level 6, -1/48 HPs)
             Began as a Demonspawn Fighter on June 26, 2019.
             Slain by Natasha (5 damage)
             ... on level 4 of the Dungeon.
             The game lasted 00:04:57 (2964 turns).

Nvm9 the Covered (Demonspawn Fighter)               Turns: 2964, Time: 00:04:58

Health: -1/48      AC:  9    Str: 19    XL:     6   Next: 51%
Magic:  0/6        EV: 10    Int:  9    God:
Gold:   170        SH: 10    Dex: 17    Spells: 5/5 levels left

rFire    . . .     SeeInvis .   a - +0 war axe
rCold    . . .     Gourm    .   c - +0 shield
rNeg     . . .     Faith    .   t - +0 chain mail
rPois    .         Spirit   +   (helmet restricted)
rElec    .         Reflect  .   (no cloak)
rCorr    .         Harm     .   (no gloves)
MR       .....                  (no boots)
Stlth    ..........             (no amulet)
HPRegen  0.16/turn              (no ring)
MPRegen  0.10/turn              (no ring)

@: agile, slowed, lightly drained, very slow
A: antennae 1, claws 1, hooves 2, magic shield
a: no special abilities


You were on level 4 of the Dungeon.
You were not hungry.

You visited 2 branches of the dungeon, and saw 5 of its levels.

You collected 170 gold pieces.

Inventory:

Hand Weapons
 a - a +0 war axe (weapon)
 n - a +3 quarterstaff of chaos
Armour
 b - a +0 scale mail
 c - a +0 shield (worn)
 m - a +1 robe of the Archmagi
 q - a +0 cloak
 t - a +0 chain mail (worn)
Jewellery
 i - an uncursed ring of protection from fire {unknown}
Wands
 w - a wand of flame (29)
Scrolls
 e - a scroll of magic mapping {unknown}
 g - 6 scrolls of teleportation {unknown}
 j - 2 scrolls of remove curse {unknown}
 k - 2 scrolls of blinking {unknown}
 l - a scroll of enchant weapon {unknown}
 p - 2 scrolls of enchant armour {unknown}
 r - 2 scrolls of identify {unknown}
 s - 2 scrolls of fog {unknown}
Potions
 d - a potion of agility
 o - a potion of lignification {unknown}
 u - a potion of berserk rage {unknown}
 v - a potion of mutation {unknown}
 x - a potion of heal wounds {unknown}
Comestibles
 f - 6 rations


   Skills:
 + Level 3.7(3.6) Fighting
 + Level 4.0 Axes
 + Level 4.2(4.1) Armour
 + Level 1.1(1.0) Dodging
 + Level 0.3(0.2) Stealth
 + Level 3.7(3.6) Shields


You had 5 spell levels left.
You didn't know any spells.
Your spell library was empty.

Dungeon Overview and Level Annotations

Branches:
Dungeon (4/15)             Temple (1/1) D:4

Altars:
Ashenzari
Cheibriados
Dithmenos
Elyvilon
Fedhas
Gozag
Hepliaklqana
Kikubaaqudgha
Makhleb
Nemelex Xobeh
Okawaru
Sif Muna
Trog
Uskayaw
Vehumet
Wu Jian
Yredelemnul
Zin
The Shining One

Shops:
D:2 *

Annotations:
D:4 Natasha


Innate Abilities, Weirdness & Mutations

You have a pair of small antennae on your head.
You have sharp fingernails.
You have hoof-like feet.
When hurt, damage is shared between your health and your magic reserves.


Message History

* * * LOW HITPOINT WARNING * * *
Natasha casts a spell at you. The magic dart hits you.
* * * LOW HITPOINT WARNING * * *
Unknown command.
You feel better.
Natasha howls an incantation.
Natasha glows brightly for a moment.
Natasha zaps a wand.
The puff of flame hits you.
* * * LOW HITPOINT WARNING * * *
You block Natasha's attack. Natasha casts a spell at you.
You feel as though you will be slow longer.
Unknown command.
It was a potion of agility.
You feel agile all of a sudden. Natasha claws you.
* * * LOW HITPOINT WARNING * * *
Natasha claws you.
You die...

§....##.........#.....##..)......
...#.##.........##.#####....#####
...#.##.........##.#####....####
.+..............#..........#...#
.###....####+####..........#...#
.# #....#....#.............#...#
.# #....#....#...##+#.†........#
.# #....#......h.##....(......##
. ######......†@###.###+#....#
##....†.#...###.#+####
#................
##.####.####..... .. #..?..#
.#... .# #.......# . .. #.......#
.. . ....._..... .. #.#.......#..


You could see Natasha.

Vanquished Creatures
  Sigmund (D:2)
  A hound (D:4)
  Crazy Yiuf (D:3)
  Natasha (D:4)
  3 gnolls (D:2)
  3 adders
  2 worms (D:3)
  3 dart slugs
  A leopard gecko (D:4)
  2 orcs (D:3)
  5 giant cockroaches
  10 goblins
  12 hobgoblins
  3 jackals (D:1)
  5 kobolds
  2 quokkas
  A ball python (D:4)
  10 bats
  7 frilled lizards
  9 rats
  10 plants (D:1)
92 creatures vanquished.

Notes
Turn   | Place    | Note
-------+----------+-------------------------------------------
     0 | D:1      | Nvm9 the Demonspawn Fighter began the quest for the Orb.
     0 | D:1      | Reached XP level 1. HP: 18/18 MP: 1/1
   109 | D:1      | Gained mutation: You have large cloven feet. [demonic
                  | ancestry]
   109 | D:1      | Reached XP level 2. HP: 24/24 MP: 2/2
   354 | D:1      | Gained mutation: When hurt, damage is shared between your
                  | health and your magic reserves. [demonic ancestry]
   354 | D:1      | Reached XP level 3. HP: 26/29 MP: 3/3
   822 | D:2      | Found a glowing silver altar of Zin.
  1095 | D:2      | Found Zin's Purification Station.
  1183 | D:2      | Gained mutation: You have hoof-like feet. [demonic
                  | ancestry]
  1183 | D:2      | Reached XP level 4. HP: 35/35 MP: 4/4
  1202 | D:2      | Noticed Sigmund
  1215 | D:2      | Killed Sigmund
  1215 | D:2      | Gained mutation: You have sharp fingernails. [demonic
                  | ancestry]
  1215 | D:2      | Reached XP level 5. HP: 20/41 MP: 1/5
  1464 | D:2      | Found a snail-covered altar of Cheibriados.
  1579 | D:2      | Found a burning altar of Makhleb.
  1586 | D:2      | Reached skill level 1 in Dodging
  1930 | D:3      | Gained mutation: You have a pair of small antennae on your
                  | head. [demonic ancestry]
  1930 | D:3      | Reached XP level 6. HP: 47/47 MP: 6/6
  2250 | D:3      | Found a runed translucent door.
  2251 | D:3      | Noticed Crazy Yiuf
  2392 | D:3      | Killed Crazy Yiuf
  2617 | D:4      | Found a staircase to the Ecumenical Temple.
  2645 | Temple   | Entered the Ecumenical Temple
  2825 | D:4      | Noticed Natasha
  2833 | D:4      | Killed Natasha
  2949 | D:4      | Found a blossoming altar of Fedhas.
  2950 | D:4      | Noticed Natasha
  2964 | D:4      | Slain by Natasha

Levels and vault maps discovered:
D:1:      roderic_crop_circles_arrival_small, layout_basic
D:2:      layout_loops_ring, zin_purify, lemuel_round_altar,
          overflow_temple_1_default, uniq_sigmund
D:3:      layout_basic, uniq_crazy_yiuf_cottage
D:4:      layout_basic, old_standard_altar, minmay_temple_entry_purple_smoke,
          serial_glass, glass_columns_b, glass_columns_c, uniq_natasha
Temple:   regret_index_temple_waves

Skill      XL: |  1  2  3  4  5  6 |
---------------+-------------------+-----
Axes           | 2 3 4 |  4.0
Shields        | 3 |  3.7
Armour         | 3 4 |  4.2
Dodging        | 1 |  1.1
Fighting       | |  3.7
Stealth        | |  0.3

Action                   |  1- 3 |  4- 6 || total
-------------------------+-------+-------++-------
Melee: War axe           |   179 |   121 ||   300
       Kick              |    56 |    34 ||    90
  Use: Potion            |       |     6 ||     6
 Stab: Distracted        |       |     1 ||     1
  Eat: Chunk             |     1 |     6 ||     7
Armor: Scale mail        |    51 |    38 ||    89
       Chain mail        |       |    31 ||    31
Dodge: Dodged            |    25 |    30 ||    55
Block: Shield            |    57 |    81 ||   138

Table legend:
 A = Non-vault XP
 B = Vault XP
 C = Vault XP percentage of total XP
 D = Non-vault monster count
 E = Vault monster count
 F = Vault count percentage of total count
                 A         B        C        D         E       F
            +---------+---------+-------+---------+---------+-------
      Total |     263 |     298 |  53.1 |      79 |       3 |   3.7
            +---------+---------+-------+---------+---------+-------
        D:1 |      46 |       0 |   0.0 |      28 |       0 |   0.0
        D:2 |     106 |     223 |  67.8 |      24 |       1 |   4.0
        D:3 |      61 |      40 |  39.6 |      22 |       1 |   4.3
        D:4 |      50 |      35 |  41.2 |       5 |       1 |  16.7
            +---------+---------+-------+---------+---------+-------
